 Dungeon Crawl Stone Soup version 0.27.1-33-g824d729ab1 (webtiles) character file.

Game seed: 11124524773614425361

51 zeram the Skirmisher (level 3, 0/30 HPs)
             Began as a Merfolk Fighter on Nov 28, 2021.
             Slain by an adder (1 damage)
             ... on level 2 of the Dungeon.
             The game lasted 00:01:37 (1303 turns).

zeram the Skirmisher (Merfolk Fighter)              Turns: 1303, Time: 00:01:37

Health: 0/30       AC:  6    Str: 16    XL:     3   Next: 83%
Magic:  3/3        EV:  7    Int:  8    God:
Gold:   38         SH:  9    Dex: 13    Spells: 2/2 levels left

rFire    . . .     SeeInvis .   d - +2 war axe (flame)
rCold    . . .     Faith    .   c - +0 kite shield
rNeg     . . .     Spirit   .   b - +0 scale mail
rPois    .         Reflect  .   (no helmet)
rElec    .         Harm     .   (no cloak)
rCorr    .         Rampage  .   (no gloves)
Will     .....                  (no boots)
Stlth    ..........             (no amulet)
HPRegen  0.10/turn              (no ring)
MPRegen  0.08/turn              (no ring)

@: lethally poisoned (0 -> -8)
A: (nimble swimmer 2), mertail
a: no special abilities


You were on level 2 of the Dungeon.
You visited 1 branch of the dungeon, and saw 2 of its levels.

You collected 38 gold pieces.

Inventory:

Hand Weapons
 a - a +0 trident
 d - a +2 war axe of flaming (weapon)
Armour
 b - a +0 scale mail (worn)
 c - a +0 kite shield (worn)
Scrolls
 e - a scroll of teleportation {unknown}
 f - a scroll of identify {unknown}
 h - a scroll of fear {unknown}
Potions
 g - 2 potions of might


   Skills:
 + Level 4.0 Fighting
 - Level 3.1 Polearms
 - Level 2.1 Armour
 * Level 2.1 Dodging
 + Level 3.5 Shields


You had 2 spell levels left.
You didn't know any spells.
Your spell library contained the following spells:

 Spells                   Type           Power      Damage    Failure   Level
 Corona                   Hex            0%         N/A       100%        1
 Ensorcelled Hibernation  Hex/Ice        0%         N/A       100%        2
 Tukima's Dance           Hex            0%         N/A       100%        3


Dungeon Overview and Level Annotations

Branches:
Dungeon (2/15)

Altars:


Innate Abilities, Weirdness & Mutations

((You are quick and stealthy near water. (Stealth+, EV+, Speed+++)))
Your lower body shifts to a powerful aquatic tail in water.


Message History

You slash the adder! You burn the adder.
You kill the adder!
You hit the hobgoblin. You burn the hobgoblin.
You block the hobgoblin's attack.
Your Fighting skill increases to level 4!
Your Dodging skill increases to level 2!
You slash the hobgoblin! You burn the hobgoblin.
You kill the hobgoblin!
An adder comes into view.
You slash the worm! You burn the worm.
The worm is heavily wounded.
The worm bites you. The adder bites you.
You are poisoned.
The adder poisons you!
You slash the worm! You burn the worm.
You kill the worm!
You completely miss the adder.
You feel sick. You block the adder's attack. The adder bites you.
You are more poisoned.
The adder poisons you!
You closely miss the adder.
You feel very sick. You block the adder's attack.
The adder bites you but does no damage.
You are too injured to fight recklessly!
You miss the adder.
You feel sick. You block the adder's attack.
The adder bites you but does no damage.
You hit the adder. You burn the adder.
The adder is moderately wounded.
You feel sick. The adder bites you.
* * * LOW HITPOINT WARNING * * *
The adder bites you but does no damage.
You miss the adder.
The adder is moderately wounded.
You feel sick.
You are no longer poisoned.
The adder bites you.
* * * LOW HITPOINT WARNING * * *
You are lethally poisoned!
The adder poisons you! The adder bites you.
You die...

#. #. #.###
.... #..# #..#
#.####S.######
#......@<....#
......†.####.#
#..####$# .
#.# #.# #.#
#.# #.#


You could see an adder.

Vanquished Creatures
  An adder (D:2)
  A worm (D:2)
  4 bats (D:1)
  4 endoplasms (D:1)
  4 giant cockroaches (D:1)
  A goblin (D:1)
  A hobgoblin (D:2)
  4 kobolds (D:1)
  2 quokkas (D:1)
  7 ball pythons (D:1)
  3 frilled lizards (D:1)
  4 rats (D:1)
36 creatures vanquished.

Notes
Turn   | Place    | Note
-------+----------+-------------------------------------------
     0 | D:1      | zeram the Merfolk Fighter began the quest for the Orb.
     0 | D:1      | Reached XP level 1. HP: 18/18 MP: 1/1
   247 | D:1      | Reached XP level 2. HP: 5/24 MP: 2/2
   589 | D:1      | Reached skill level 1 in Dodging
   694 | D:1      | Found a faded altar of an unknown god.
   897 | D:1      | Reached XP level 3. HP: 30/30 MP: 3/3
  1297 | D:2      | Reached skill level 4 in Fighting
  1303 | D:2      | HP: 1/30 [adder (4)]
  1303 | D:2      | Slain by an adder

Illustrated notes

Levels and vault maps discovered:
D:1:      ebering_trefoil_3fold, layout_basic,
          shapermc_ecumenical_altar_mp_urbaneastern
D:2:      layout_loops_ring, basic_altar

Skill      XL: |  1  2  3 |
---------------+----------+-----
Dodging        | 1 2 |  2.1
Fighting       | 4 |  4.0
Polearms       | |  3.1
Armour         | |  2.1
Shields        | |  3.5

Action                   || total
-------------------------++-------
Melee: Trident           ||    22
       War axe           ||    61
  Use: Potion            ||     1
Armor: Scale mail        ||    41
Dodge: Dodged            ||    26
Block: Kite shield       ||    40
